 Dungeon Crawl Stone Soup version 0.17-a0-1176-g3d5a0d0 (webtiles) character file.

155 killrock3 the Covered (level 5, -1/49 HPs)
             Began as a Deep Dwarf Fighter on May 30, 2015.
             Slain by an ogre
             ... wielding a +0 giant club
              (11 damage)
             ... on level 3 of the Dungeon.
             The game lasted 00:12:33 (1986 turns).

killrock3 the Covered (Deep Dwarf Fighter)          Turns: 1986, Time: 00:12:34

Health: -1/49      AC:  9    Str: 22    XL:     5   Next: 14%
Magic:  5/5        EV:  8    Int:  9    God:
Gold:   122        SH: 10    Dex: 12    Spells: 0 memorised, 4 levels left

rFire  . . .     SeeInvis .     a - +0 war axe
rCold  . . .     Clarity  .     b - +2 scale mail
rNeg   . . .     SustAt   .     c - +0 shield
rPois  +         Gourm    .     (no helmet)
rElec  .         Spirit   .     (no cloak)
rCorr  .         Warding  .     (no gloves)
rMut   .         Stasis   +     (no boots)
MR     .....                    s - amulet of stasis
Stlth  ..........               o - ring of poison resistance
                                h - +2 ring of strength

@: non-regenerating, not resistant to hostile enchantments, extremely unstealthy
A: damage resistance, recharge devices, sense surroundings 1, slow healing 3
a: Device Recharging


You were on level 3 of the Dungeon.
You were not hungry.

You visited 1 branch of the dungeon, and saw 3 of its levels.

You collected 122 gold pieces.

Inventory:

Hand weapons
 a - a +0 war axe (weapon)
 l - a +0 hunting sling
Armour
 b - a +2 scale mail (worn)
 c - a +0 shield (worn)
 i - a +0 robe
 j - a +0 buckler
Jewellery
 h - a +2 ring of strength (left hand)
 o - a ring of poison resistance (right hand)
 s - an amulet of stasis (around neck)
Magical devices
 e - a wand of heal wounds (5)
 r - a wand of random effects (21)
Scrolls
 n - 2 scrolls of amnesia
 q - 3 scrolls of identify
 t - 2 scrolls of remove curse {unknown}
Potions
 d - a potion of might
 k - 3 potions of curing
 p - a potion of resistance {unknown}
Comestibles
 f - 2 bread rations
 g - a royal jelly
 m - a meat ration


   Skills:
 + Level 3.3 Fighting
 + Level 2.7 Axes
 + Level 4.3 Armour
 + Level 2.1 Dodging
 + Level 0.3 Stealth
 + Level 4.2 Shields


You had 4 spell levels left.
You didn't know any spells.

Dungeon Overview and Level Annotations

Branches:
Dungeon (3/15)

Altars:
Trog


Innate Abilities, Weirdness & Mutations

You are resistant to damage.
You can recharge devices by infusing magical energy.
You passively map a small area around you.
You do not heal naturally.


Message History

You hit the hound.
You kill the hound!
Your Dodging skill increases to level 2!
You have reached level 5!
The hobgoblin barely misses you.
You hit the hobgoblin but do no damage. The hobgoblin hits you with a hand axe.
You hit the hobgoblin.
The hobgoblin is heavily wounded.
You block the hobgoblin's attack. x2
You hit the hobgoblin.
The hobgoblin is severely wounded.
You block the hobgoblin's attack.
You slash the hobgoblin!
You kill the hobgoblin!
The ogre hits you with a giant club!
* * * LOW HITPOINT WARNING * * *
You hit the ogre.
The ogre is lightly wounded.
The ogre hits you with a giant club!
You die...

, ,, ,*
...#....###.########
* ,
#..#.##...!(((.....>
#.*
#..#.##.###.#######.
#...###....##.# #.#
* ........#####.#
#.### * #######.#
###(###...# , #.#
#.....##..# *
#.###.....#.#.## *
#.O@...........# *
#.###.....#...#####.
* * #.#
#............... *,
* #.#
########..###### ,
,..., ,#...........#
** ** ###*
#<####..###.# #.#
#..# ##############
#.# #..# * *
.............#
#.#.####..# #.#


You could see an ogre.

Vanquished Creatures
  Ijyb (D:3)
  A hound (D:3)
  4 adders (D:2)
  3 oozes
  An orc (D:3)
  8 hobgoblins
  2 jackals (D:1)
  5 kobolds
  A quokka (D:2)
  7 bats
  3 giant cockroaches
  7 giant newts
  7 goblins
  6 rats
56 creatures vanquished.

Notes
Turn   | Place    | Note
--------------------------------------------------------------
     0 | D:1      | killrock3 the Deep Dwarf Fighter began the quest for the Orb.
     0 | D:1      | Reached XP level 1. HP: 20/20 MP: 1/1
   103 | D:1      | Reached XP level 2. HP: 22/27 MP: 2/2
   633 | D:1      | Reached XP level 3. HP: 23/34 MP: 3/3
  1347 | D:2      | Reached skill level 4 in Armour
  1347 | D:2      | Reached XP level 4. HP: 24/42 MP: 4/4
  1409 | D:2      | Reached skill level 1 in Dodging
  1845 | D:3      | Found a bloodstained altar of Trog.
  1890 | D:3      | Noticed Ijyb
  1910 | D:3      | Killed Ijyb
  1967 | D:3      | Noticed an ogre
  1979 | D:3      | Reached XP level 5. HP: 23/49 MP: 5/5
  1986 | D:3      | Slain by an ogre

Vault maps used:
D:1:      minmay_arrival_radiant_lines, grunt_decor_mini_mirrors
D:2:      first_bread
D:3:      lemuel_doored_altar, uniq_iyjb

Action                   |  1- 3 |  4- 6 || total
-------------------------+-------+-------++-------
Melee: War axe           |   114 |    61 ||   175
  Use: Scroll            |     6 |     1 ||     7
       Potion            |     1 |     1 ||     2
  Eat: Bread ration      |     1 |       ||     1
       Beef jerky        |     1 |       ||     1
